Map: Simulacrum LE

Players

PtitDrogo

  • Race: Protoss Protoss
  • League: Master
  • Spawn Location: 11:00

soO - Winner!

  • Race: Zerg Zerg
  • Spawn Location: 5:00

Event: Shopify TSL 5

VOD

Have the link to the VOD?

Description

Time

  • Played on: May 16, 2020, 8:19 a.m.
  • Length: 11:32

All games in this series

Show
View Real Time Build Order
Export as new Build Order

PtitDrogo Protoss 

Build Orders: 1 Gate Expand, Oracle Opening, Archon Immortal, Archon Drop 

Get SALT Encoding   

  12  0:00  Probe  
  13  0:13  Probe  
  14  0:20  Pylon  
  14  0:25  Probe  
  15  0:38  Probe (Chrono Boost)  
  16  0:44  Gateway  
  16  0:48  Probe (Chrono Boost)  
  17  0:50  Assimilator  
  17  0:53  Probe (Chrono Boost)  
  18  1:04  Probe  
  19  1:17  Probe  
  20  1:25  Nexus  
  20  1:35  Cybernetics Core  
  20  1:39  Probe  
  21  1:46  Assimilator  
  21  1:51  Probe  
  22  1:55  Pylon  
  22  2:03  Probe  
  23  2:10  Adept (Chrono Boost)  
  25  2:16  Probe  
  25  2:19  Stargate  
  26  2:26  Warp Gate  
  26  2:29  Probe (Chrono Boost)  
  27  2:30  Adept (Chrono Boost)  
  29  2:37  Probe (Chrono Boost)  
  31  2:46  Probe (Chrono Boost)  
  31  2:47  Probe (Chrono Boost)  
  32  2:52  Probe x2 (Chrono Boost)  
  32  2:53  Stalker  
  36  3:03  Probe  
  37  3:06  Oracle (Chrono Boost)  
  37  3:11  Probe  
  41  3:15  Probe, Pylon  
  42  3:23  Probe  
  43  3:27  Probe  
  43  3:31  Gateway  
  44  3:35  Probe  
  44  3:36  Oracle (Chrono Boost)  
  44  3:40  Probe  
  49  3:48  Probe  
  50  3:52  Probe  
  50  3:55  Pylon  
  51  4:00  Probe  
  51  4:02  Assimilator  
  52  4:04  Probe  
  52  4:05  Assimilator  
  52  4:08  Twilight Council  
  53  4:11  Forge  
  53  4:12  Probe  
  53  4:16  Probe  
  55  4:19  Adept  
  55  4:23  Robotics Facility  
  58  4:24  Probe  
  58  4:27  Adept  
  58  4:28  Probe  
  61  4:35  Nexus  
  61  4:36  Probe  
  62  4:42  Charge (Chrono Boost), Pylon  
  62  4:43  Protoss Ground Weapons Level 1 (Chrono Boost)  
  62  5:01  Shield Battery  
  62  5:08  Gateway x2  
  62  5:12  Warp Prism, Templar Archives  
  64  5:18  Gateway  
  64  5:21  Gateway  
  64  5:27  Gateway  
  64  5:32  Gateway  
  64  5:34  Pylon  
  64  5:47  Zealot x2  
  68  5:58  Pylon  
  68  6:11  High Templar x4  
  76  6:12  Zealot  
  76  6:13  Probe x2  
  76  6:14  Probe  
  76  6:15  Archon x2  
  81  6:19  Zealot  
  81  6:23  Zealot  
  85  6:25  Probe x2  
  87  6:37  Immortal  
  87  6:38  Zealot  
  90  6:45  Zealot x5  
  100  6:48  Probe  
  100  6:50  Probe (Chrono Boost)  
  100  6:51  Probe (Chrono Boost), Pylon  
  101  6:55  Protoss Ground Weapons Level 2 (Chrono Boost)  
  101  7:00  Probe (Chrono Boost)  
  96  7:02  Probe (Chrono Boost)  
  96  7:08  Probe (Chrono Boost)  
  95  7:09  Probe (Chrono Boost)  
  95  7:14  Probe (Chrono Boost)  
  95  7:15  Sentry, High Templar  
  98  7:16  Probe, High Templar, Zealot x3  
  109  7:32  Pylon, Assimilator  
  109  7:34  Archon  
  109  7:36  Assimilator  
  109  7:43  Photon Cannon  
  109  7:45  Gateway  
  109  7:46  Gateway  
  109  7:47  Immortal (Chrono Boost)  
  109  7:48  Pylon  
  109  7:50  Probe x3  
  116  8:01  Photon Cannon, Pylon  
  116  8:03  Pylon  
  116  8:06  Zealot x4  
  116  8:07  Zealot  
  116  8:12  Zealot  
  124  8:16  Immortal (Chrono Boost)  
  122  8:23  Zealot x2  
  109  8:30  High Templar x4  
  109  8:31  Zealot x2  
  111  8:35  Archon  
  105  8:42  Archon  
  95  8:49  Immortal, Zealot x2  
  103  9:00  Stalker x2  
  103  9:02  Stalker  
  110  9:05  Pylon  
  107  9:17  Probe  
  107  9:22  Forge  
  104  9:25  High Templar x4  
  104  9:26  Zealot x4  
  104  9:28  Immortal  
  104  9:30  Archon x2  
  124  9:46  Zealot x4  
  124  9:50  Probe  
  131  9:53  Probe  
  118  10:01  Zealot x2  
  118  10:02  Zealot x2  
  122  10:07  Immortal (Chrono Boost)  
  122  10:08  High Templar x2, Zealot x2  
  122  10:12  Archon  
  122  10:24  Zealot x4  
  123  10:30  Assimilator x2  
  123  10:35  Sentry  
  123  10:40  Zealot  
  123  10:41  Zealot x2  
  127  10:46  Immortal (Chrono Boost)  
  131  10:56  Zealot x4  
  94  11:07  Zealot x3  
  88  11:13  Zealot  
  82  11:20  Probe  
  82  11:24  High Templar x4  
  91  11:28  Archon x2  
Show
View Real Time Build Order
Export as new Build Order

soO Zerg - Winner!

Build Orders: Hatch First, Swarm Host 

Get SALT Encoding   

  12  0:01  Drone  
  13  0:12  Overlord  
  13  0:17  Drone  
  14  0:30  Drone x2  
  16  0:47  Hatchery  
  15  0:51  Drone  
  15  0:55  Drone  
  17  0:58  Drone  
  18  1:08  Extractor  
  17  1:13  Spawning Pool  
  17  1:17  Drone  
  17  1:20  Drone  
  18  1:28  Drone  
  19  1:39  Drone  
  20  1:49  Drone  
  21  2:00  Queen x2  
  21  2:01  Drone, Zergling x2  
  27  2:10  Overlord  
  27  2:12  Metabolic Boost  
  27  2:15  Drone  
  28  2:29  Drone  
  29  2:33  Drone  
  29  2:35  Hatchery  
  29  2:36  Drone  
  30  2:43  Queen  
  32  2:48  Overlord  
  32  2:53  Drone  
  32  2:55  Zergling x4  
  32  2:58  Zergling x2  
  36  3:08  Drone x3  
  36  3:10  Drone x2  
  40  3:14  Drone  
  40  3:17  Overlord  
  40  3:19  Drone  
  42  3:25  Queen  
  44  3:32  Overlord  
  44  3:36  Drone x3  
  47  3:45  Spore Crawler  
  47  3:46  Drone  
  47  3:50  Queen, Drone x2  
  47  3:55  Drone  
  52  3:57  Drone  
  52  4:00  Drone x2  
  52  4:01  Drone  
  52  4:02  Spore Crawler  
  55  4:07  Zergling x2  
  55  4:08  Zergling x4  
  55  4:09  Drone  
  59  4:15  Extractor  
  58  4:18  Spore Crawler  
  58  4:20  Drone x2  
  58  4:24  Drone x3  
  58  4:26  Drone  
  63  4:31  Lair  
  63  4:32  Drone x3  
  65  4:40  Zergling x2  
  65  4:42  Overlord  
  65  4:45  Extractor, Roach Warren  
  65  4:46  Overlord  
  65  4:47  Extractor  
  65  4:50  Zergling x6  
  66  4:53  Overlord  
  66  5:01  Drone x2  
  66  5:02  Drone x3  
  66  5:03  Drone x2  
  66  5:07  Drone x2  
  74  5:08  Drone x3  
  79  5:14  Extractor, Drone  
  79  5:15  Drone  
  79  5:16  Extractor  
  79  5:18  Drone  
  79  5:19  Evolution Chamber  
  78  5:24  Drone  
  78  5:26  Extractor, Drone  
  78  5:27  Drone  
  80  5:30  Glial Reconstitution  
  80  5:33  Overlord, Overseer  
  80  5:36  Drone x3  
  82  5:44  Drone  
  82  5:45  Zerg Missile Weapons Level 1  
  83  5:51  Drone, Infestation Pit  
  83  5:52  Drone  
  83  5:53  Overseer  
  83  5:56  Roach x6  
  96  6:02  Overlord  
  96  6:06  Overlord  
  96  6:08  Drone, Overlord  
  97  6:15  Overlord  
  97  6:16  Overlord  
  96  6:22  Roach x4  
  96  6:24  Overlord  
  104  6:27  Roach x4  
  112  6:33  Roach x4  
  112  6:34  Roach  
  112  6:39  Roach x4  
  130  6:50  Roach x3  
  130  6:53  Roach  
  127  7:04  Overlord  
  127  7:08  Nydus Network  
  126  7:12  Swarm Host x6  
  126  7:13  Swarm Host  
  146  7:17  Overlord  
  144  7:30  Swarm Host  
  144  7:31  Swarm Host x2  
  144  7:32  Overlord  
  144  7:36  Swarm Host x3  
  162  7:44  Nydus Canal  
  162  7:46  Overlord x2  
  162  7:48  Overlord  
  162  7:52  Roach x2  
  162  7:54  Zerg Missile Weapons Level 2  
  162  7:59  Swarm Host  
  162  8:01  Roach  
  162  8:02  Ravager  
  168  8:10  Roach x4, Hatchery  
  171  8:13  Roach  
  171  8:14  Roach  
  171  8:16  Roach  
  171  8:18  Roach  
  175  8:26  Roach x3  
  175  8:27  Roach  
  181  8:33  Overlord  
  179  8:34  Nydus Canal  
  179  8:35  Overlord  
  179  8:39  Roach x3  
  181  8:41  Roach  
  181  8:43  Roach  
  181  8:45  Roach  
  169  8:54  Roach x2  
  177  8:55  Roach x2  
  177  8:56  Roach  
  177  8:59  Roach  
  177  9:01  Roach  
  182  9:03  Roach x2  
  186  9:15  Overlord  
  186  9:24  Nydus Canal  
  186  9:28  Roach x5  
  186  9:29  Roach  
  186  9:31  Ravager  
  199  9:36  Overseer  
  199  9:46  Nydus Canal  
  197  10:08  Roach x2  
  194  10:18  Nydus Canal  
  190  10:26  Ravager x3  
  189  10:29  Drone x10  
  195  10:39  Nydus Canal  
  195  10:46  Drone x3  
  195  10:47  Drone x2  
  188  11:09  Roach x7  
  188  11:10  Roach x2  
  188  11:11  Roach x3  
  188  11:12  Roach x3  
Tags
 
Add a new tag
Caveats
  • Supply blocks, unpowered buildings, or Contaminate may cause inaccurate times.
  • Supply counts are checked every 10 seconds.